 Dungeon Crawl Stone Soup version 0.30-a0-965-g42e074c17a (webtiles) character file.

Game seed: 9028516390494106459

124 jimonade the Trooper (level 5, 0/46 HPs)
             Began as a Hill Orc Fighter on Mar 31, 2023.
             Was an Initiate of Beogh.
             Slain by an orc
             ... wielding a +0 club
              (2 damage)
             ... on level 3 of the Dungeon.
             The game lasted 00:03:40 (1590 turns).

jimonade the Trooper (Hill Orc Fighter)             Turns: 1590, Time: 00:03:41

Health: 0/46       AC:  8    Str: 19    XL:     5   Next: 8%
Magic:  6/6        EV: 10    Int: 13    God:    Beogh [......]
Gold:   111        SH:  4    Dex:  7    Spells: 4/4 levels left

rFire   . . .      SeeInvis .    a - +0 war axe
rCold   + + .      Faith    .    c - +0 buckler
rNeg    . . .      Spirit   .    o - +1 ring mail "Ponoes" {rC++ Int+3 Dex-3}
rPois   .          Reflect  .    (no helmet)
rElec   .          Rampage  .    (no cloak)
rCorr   .                        l - +0 pair of gloves
Will    .....                    (no boots) Stlth
                                 (no amulet)
HPRegen 0.27/turn                (no ring)
MPRegen 0.10/turn                (no ring)

@: no status effects
A: no striking features
a: Renounce Religion


You were on level 3 of the Dungeon.
You worshipped Beogh.
Beogh was noncommittal.
You visited 1 branch of the dungeon, and saw 3 of its levels.

You collected 111 gold pieces.

Inventory:

Hand Weapons
 a - a +0 war axe (weapon)
Armour
 b - a +0 scale mail
 c - a +0 buckler (worn)
 l - a +0 pair of gloves (worn)
 n - a +0 ring mail
 o - the +1 ring mail "Ponoes" (worn) {rC++ Int+3 Dex-3}
   (You found it on level 2 of the Dungeon)

   Int:       It affects your intelligence (+3).
   Dex:       It affects your dexterity (-3).
   rC:        It greatly protects you from cold.
 p - the +0 scale mail of the Clam {rF++ Dex+2 Stlth+}
   (You found it on level 2 of the Dungeon)

   Dex:       It affects your dexterity (+2).
   rF:        It greatly protects you from fire.
   Stlth:     It makes you more stealthy.
Scrolls
 f - 2 scrolls of enchant weapon {unknown}
 g - a scroll of teleportation {unknown}
 k - a scroll of torment {unknown}
 m - 3 scrolls of identify {unknown}
 q - a scroll of magic mapping {unknown}
 r - 2 scrolls of enchant armour {unknown}
Potions
 d - 3 potions of might
 e - a potion of degeneration {unknown}
 h - a potion of lignification {unknown}
 i - a potion of ambrosia {unknown}
 j - a potion of curing {unknown}


   Skills:
 + Level 4.1 Fighting
 + Level 4.1 Axes
 + Level 4.1 Armour
 + Level 0.7 Dodging
 + Level 3.6 Shields
 * Level 2.6 Invocations


You had 4 spell levels left.
You didn't know any spells.
Your spell library contained the following spells:

 Spells                   Type           Power      Damage    Failure   Level
 Blink                    Tloc           0%         N/A       71%         2
 Lesser Beckoning         Tloc           0%         N/A       71%         2
 Momentum Strike          Conj/Tloc      0%         3d8       71%         2


Dungeon Overview and Level Annotations

Branches:
Dungeon (3/15)

Altars:

Shops:
D:2 [


Message History

The orc priest looks satisfied for a moment.
The orc hits you but does no damage.
You hit the orc priest.
The orc priest is moderately wounded.
You hit the orc but do no damage. The orc priest closely misses you.
You closely miss the orc priest.
The orc priest is moderately wounded.
You barely miss the orc. You hit the orc.
The orc priest hits you with a +0 morningstar.
The orc barely misses you. The orc hits you but does no damage.
You closely miss the orc.
The orc is severely wounded.
You slash the orc priest! You barely miss the orc.
The orc hits you from afar with a +0 trident!
The orc priest closely misses you. The orc barely misses you. x2
The orc hits you but does no damage. The orc barely misses you.
The orc hits you but does no damage.
You are too injured to fight recklessly!
You are too injured to fight recklessly!
You are too injured to fight recklessly!
You are too injured to fight recklessly!
You barely miss the orc priest.
The orc priest is severely wounded.
You slash the orc!
You kill the orc!
Beogh accepts your kill.
You barely miss the orc. You closely miss the orc.
The orc hits you from afar with a +0 trident.
The orc priest invokes the aid of Beogh against you.
Beogh smites you!
* * * LOW HITPOINT WARNING * * *
You block the orc's attack. The orc hits you with a +0 club.
* * * LOW HITPOINT WARNING * * *
You closely miss the orc priest.
The orc priest is severely wounded.
You barely miss the orc. You hit the orc. You block the orc's attack.
The orc priest barely misses you. The orc closely misses you.
The orc hits you with a +0 club.
You die...
Beogh appreciates the orc's killing of a heretic priest.

..##....###.......#
........###..######
#.....##..#
#.#.....>##
#.#..##### #......#
#......# #......#
#.o@o..# #.#)o###
#.#o.# ..#..#
####..# ...# #...
####


You could see an orc priest and 3 orcs.

Vanquished Creatures
  A gnoll (D:1)
  4 adders (D:2)
  A worm (D:2)
  5 dart slugs
  An orc (D:3)
  5 endoplasms
  A goblin (D:1)
  5 hobgoblins
  6 jackals
  A quokka (D:2)
  5 ball pythons
  3 bats
  3 frilled lizards
  4 kobolds
  A rat (D:1)
46 creatures vanquished.

Vanquished Creatures (others)
  Natasha (D:3)
  An orc (D:3)
  A frilled lizard (D:3)
3 creatures vanquished.

Grand Total: 49 creatures vanquished

Notes
Turn   | Place    | Note
-------+----------+-------------------------------------------
     0 | D:1      | jimonade the Hill Orc Fighter began the quest for the Orb.
     0 | D:1      | Reached XP level 1. HP: 19/19 MP: 1/1
    71 | D:1      | Reached XP level 2. HP: 21/27 MP: 2/2
    83 | D:1      | Reached skill level 1 in Invocations
   167 | D:1      | Reached XP level 3. HP: 28/33 MP: 2/4
   688 | D:2      | Identified the +1 ring mail "Ponoes" {rC++ Int+3 Dex-3}
   709 | D:2      | Found Ymaeskyg's Antique Armour Shoppe.
   805 | D:2      | Identified the +0 scale mail of the Clam {rF++ Dex+2
                  | Stlth+}
   832 | D:2      | Reached XP level 4. HP: 37/40 MP: 5/5
  1398 | D:3      | Became a worshipper of Beogh the Brigand
  1401 | D:3      | Noticed Natasha
  1410 | D:3      | Killed Natasha
  1411 | D:3      | Reached XP level 5. HP: 22/46 MP: 6/6
  1589 | D:3      | HP: 2/46 [orc/+0 club (3)]
  1590 | D:3      | Slain by an orc

Illustrated notes

Levels and vault maps discovered:
D:1:      nzn_arrival_water_spiral, layout_rooms, due_unseen_surprise
D:2:      layout_rooms, serial_shops, nicolae_shop_hallway_plus
D:3:      layout_basic, uniq_robin, uniq_crazy_yiuf_cottage, uniq_natasha

Skill      XL: |  1  2  3  4 |
---------------+-------------+-----
Axes           | 3 4 |  4.1
Invocations    | 1 2 |  2.6
Armour         | 4 |  4.1
Fighting       | 4 |  4.1
Dodging        | |  0.7
Shields        | |  3.6

Action                     |  1- 3 |  4- 6 || total
---------------------------+-------+-------++-------
  Melee: War axe           |    75 |    74 ||   149
 Invoke: Convert to Beogh  |       |     1 ||     1
   Stab: Distracted        |       |     1 ||     1
 Armour: Scale mail        |    20 |       ||    20
         Ring mail         |    19 |    41 ||    60
  Dodge: Dodged            |    41 |    45 ||    86
  Block: Buckler           |    15 |    18 ||    33

Table legend: (Time is in decaauts)
 A = Elapsed time spent in this place.
 B = Non-inter-level travel time spent in this place.
 C = Inter-level travel time spent in this place.
 D = Time resting spent in this place.
 E = Time spent auto-exploring this place.
 F = Levels seen in this place.
 G = Mean time per level.
                   A        B        C        D        E       F      G
               +--------+--------+--------+--------+--------+-----+--------+
         Total |   1644 |   1504 |    140 |    128 |    906 |   3 |  548.0 |
       Dungeon |   1644 |   1504 |    140 |    128 |    906 |   3 |  548.0 |
               +--------+--------+--------+--------+--------+-----+--------+

Top non-repeatable levels by time:
     D:2: 815 daAuts
     D:1: 681 daAuts
     D:3: 148 daAuts
